← All builds
Suicide front / Armada / Factory first / OBSERVED BUILD

Standard suicide front

Armada Suicide front build order · Supreme Isthmus

The role's baseline: Bot Lab at 0:21 then straight into reclaim-fed T1 bot production to contest the middle and hold until T2 arrives, with an Advanced Metal Extractor around 9:45.

#rush · 2038 distinct matches · 233 players · 72% of Armada Suicide front games · team won 59% of 2418 · Recently observed

HOW TO PLAY IT

Key timing: Bot Lab by 0:20

  1. Open with mex and lab-first to get Bot Lab up by 0:20.
  2. Expand mex and wind while lab pumps units toward middle.
  3. Push Sentry and early Rocketeer, Centurion to contest middle.
  4. Get T2 constructor out once Pond's boost lets you spare metal.
  5. Upgrade mex to Advanced Metal Extractor as you transition off T1 spam.

Phase by phase

TYPICAL OF ITS 2038 GAMES
  1. 1
  2. 2
  3. 3
PLAY THE OPENING

Follow the example game's first 6:00 step by step: what to build now, what comes next, and where it goes. At 1× it keeps pace with your own game.

  1. 1

    Bot Lab first

    Order
    1. Bot LabBot Lab done ~0:24, middle half 0:20–0:33

    Some games also: mex (44%)

  2. 2

    Bot Lab to 5:00

    Economy
    • Metal Extractor5Mex
    • Wind Turbine4Wind
    Builders
    • Construction Bot3 Con bot
    • Lazarus2 Lazarus
    Army
    • Sentry4 Sentry
    • Rocketeer16 Rocketeer
    • Tick2 Tick
    • Centurion1 Centurion
    Other
    • Radar Tower1 Radar Tower

    Some games also: pawn (38%) · con turret (34%)

    By 5:00 in all: 5 mex · 4 wind

    The example game in this phase · 26 steps
    1. Wind
    2. CenturionCenturion
    3. Wind
    4. Mex
    5. SentrySentry
    6. Construction BotCon bot
    7. Mex
    8. Radar TowerRadar Tower
    9. Construction BotCon bot
    10. LazarusLazarus
    11. Mex
    12. CenturionCenturion
    13. SentrySentry
    14. RocketeerRocketeer
    15. SentrySentry
    16. Mex
    17. RocketeerRocketeer
    18. SentrySentry
    19. RocketeerRocketeer
    20. SentrySentry
    21. RocketeerRocketeer ×7
    22. Construction BotCon bot
    23. CenturionCenturion ×3
    24. Wind
    25. CenturionCenturion
    26. Wind
  3. 3

    5:00 to 10:00

    Economy
    • Metal Extractor1Mex
    • Wind Turbine15Wind
    Builders
    • Construction Turret2 Con turret
    • Lazarus2 Lazarus
    • Construction Bot1 Con bot
    Army
    • Sentry1 Sentry
    • Rocketeer8 Rocketeer

    Some games also: pawn (49%) · Radar Tower (46%) · tick (45%) · centurion (44%) · energy storage (43%) · eat Bot Lab (31%)

    By 10:00 in all: 6 mex · 21 wind · 1 energy storage · 2 con turret

    The example game in this phase · 140 steps
    1. Wind
    2. CenturionCenturion
    3. Wind ×2
    4. CenturionCenturion
    5. Con turret
    6. RocketeerRocketeer
    7. Solar
    8. SentrySentry
    9. RocketeerRocketeer
    10. Wind
    11. SentrySentry
    12. Solar
    13. RocketeerRocketeer
    14. Wind
    15. Solar
    16. Dragon's TeethDragon's Teeth
    17. RocketeerRocketeer
    18. Mex
    19. Wind
    20. Solar
    21. Dragon's TeethDragon's Teeth ×2
    22. RocketeerRocketeer
    23. Dragon's TeethDragon's Teeth
    24. Wind
    25. CenturionCenturion
    26. Wind
    27. LazarusLazarus
    28. Con turret
    29. Wind
    30. LazarusLazarus
    31. Wind
    32. CenturionCenturion
    33. Wind
    34. CenturionCenturion
    35. Wind
    36. CenturionCenturion
    37. Con turret
    38. Wind ×2
    39. CenturionCenturion
    40. Wind ×2
    41. CenturionCenturion
    42. Wind
    43. Construction BotCon bot
    44. Wind
    45. Construction BotCon bot
    46. Wind
    47. Construction BotCon bot
    48. Wind
    49. Construction BotCon bot
    50. Wind ×2
    51. Construction BotCon bot
    52. Wind
    53. Mex
    54. Wind
    55. TickTick
    56. Wind
    57. Construction BotCon bot
    58. Wind
    59. Construction BotCon bot
    60. Wind ×2
    61. Construction BotCon bot
    62. Advanced Metal ExtractorT2 mexdone 9:50 · typical 9:46
    63. Wind
    64. Dragon's TeethDragon's Teeth
    65. Construction BotCon bot
    66. Dragon's TeethDragon's Teeth
    67. Wind
    68. Dragon's TeethDragon's Teeth
    69. BeamerBeamer
    70. Wind
    71. Construction BotCon bot
    72. Radar TowerRadar Tower
    73. BeamerBeamer
    74. Wind ×2
    75. LazarusLazarus
    76. Advanced Metal ExtractorT2 mex
    77. Mex
    78. LazarusLazarus
    79. Wind ×4
    80. LazarusLazarus
    81. Energy storage
    82. Wind
    83. BeamerBeamer
    84. CenturionCenturion
    85. Wind ×3
    86. Advanced Metal ExtractorT2 mex
    87. Wind ×2
    88. Fusion ReactorFusiondone 13:38
    89. Wind ×3
    90. Advanced Metal ExtractorT2 mex
    91. Wind ×2
    92. CenturionCenturion
    93. Wind ×3
    94. BeamerBeamer
    95. CenturionCenturion
    96. RattlesnakeRattlesnakedone 12:31
    97. Wind ×7
    98. Converter
    99. Wind
    100. Converter
    101. Wind
    102. Converter
    103. Sneaky PeteSneaky Pete
    104. Wind
    105. Converter
    106. Wind
    107. Converter
    108. Wind
    109. Converter
    110. Wind
    111. Advanced Metal ExtractorT2 mex
    112. Wind
    113. Converter
    114. PawnPawn
    115. Wind
    116. Converter
    117. PawnPawn ×4
    118. Converter
    119. PawnPawn
    120. PulsarPulsarnot finished by 15:00
    121. PawnPawn
    122. Wind
    123. PawnPawn ×2
    124. Converter
    125. PawnPawn
    126. Wind
    127. PawnPawn ×2
    128. Advanced Bot LabAdvanced Bot Labnot finished by 15:00
    129. PawnPawn
    130. Converter
    131. BeamerBeamer
    132. Wind
    133. Converter
    134. PawnPawn
    135. Wind
    136. Bot LabEat Bot Labreclaimed for its metal
    137. Converter
    138. Wind
    139. Converter
    140. Wind ×2

Counts are medians over the build's games: half of them build more, half fewer. The example game is ITz_Sifu's (34 OS, 07/10/2026); pick another.

Team trades

IN AT LEAST 30% OF ITS GAMES

You hand over

Nothing regular.

You get

  • Tidal Generator4 Tidal from Pondfirst at 0:11 · in 68% of games
  • Advanced Construction Bot1 T2 con bot from Geo or Techfirst at 7:41 · in 57% of games

How it plays out

Typical game of this build, running totals by minute

Metal produced

010k20k
0:005:0010:0015:00

metal

Enemy metal destroyed

05k10k
0:005:0010:0015:00

metal

Own metal lost

05k10k
0:005:0010:0015:00

metal

2418 games.

Show as table
ByMetal produced: This buildEnemy metal destroyed: This buildOwn metal lost: This build
1:0023000
2:0088700
3:002009184130
4:003109644501
5:0041821350999
6:00534721831707
7:00653930542589
8:00775539383499
9:00904046924371
10:001041053125156
11:001188858565965
12:001357864016685
13:001539668707455
14:001730275038213
15:001925781138994
WHAT THE NUMBERS SAY

Standard Suicide front play wins a bit over half its games while taking the heaviest own losses of any role by 15:00.

  • + Produces 20142 metal by 15:00, highest of the front roles.
  • + First kill by 2:01 in all games, fastest contest of middle.
  • − Own metal lost hits 9178 by 15:00, more than enemy metal destroyed.
  • − Only 34% Rocketeer share shows army spread thin across many bot types.
THE EXAMPLE YOU ARE READING

ITz_Sifu

34.4 OS · 07/10/2026

Open source match ↗

5 received units · includes a constructor
298 metal received · 8308 energy received

Allied construction assistance is unknown. Timings are observations, not a promise of solo reproducibility.

Typical milestones

Bot Lab0:24Middle 50%: 0:20–0:33 · n=2410
Advanced Metal Extractor9:46Middle 50%: 8:50–10:58 · n=1749

Played most by

_X_264games of this buildPlatinumBlonde188games of this buildXad166games of this buildTrapCaT109games of this buildSoliloqueur81games of this build